 Dungeon Crawl Stone Soup version 0.28-a0-1339-ga5422284a4 (webtiles) character file.

Game seed: 13714974392548151185

205 funkygono the Firebug (level 5, -1/39 HPs)
             Began as a Draconian Fire Elementalist on Dec 28, 2021.
             Was an Initiate of Vehumet.
             Slain by Sigmund (10 damage)
             ... on level 4 of the Dungeon.
             The game lasted 00:05:52 (3926 turns).

funkygono the Firebug (Draconian Fire Elementalist) Turns: 3926, Time: 00:05:52

Health: -1/39      AC:  5    Str: 10    XL:     5   Next: 52%
Magic:  5/9        EV: 12    Int: 18    God:    Vehumet [......]
Gold:   144        SH:  0    Dex: 11    Spells: 0/10 levels left

rFire   . . .      SeeInvis .   h - +0 whip
rCold   . . .      Faith    .   (no shield)
rNeg    . . .      Spirit   .   (armour unavailable)
rPois   +          Reflect  .   (helmet restricted)
rElec   .          Harm     .   (no cloak)
rCorr   .          Rampage  .   (no gloves)
Will    .....                   (no boots)
Stlth   ++........              (no amulet)
HPRegen 0.13/turn               i - ring of poison resistance
MPRegen 0.11/turn               (no ring)

@: no status effects
A: AC +5, unfitting armour, cold-blooded
a: Renounce Religion


You were on level 4 of the Dungeon.
You worshipped Vehumet.
Vehumet was noncommittal.
You visited 1 branch of the dungeon, and saw 4 of its levels.

You collected 144 gold pieces.

Inventory:

Hand Weapons
 c - a +0 dagger
 g - a +0 falchion
 h - a +0 whip (weapon)
Missiles
 a - 35 stones (quivered)
Jewellery
 i - a ring of poison resistance (left hand)
Scrolls
 b - a scroll of summoning
 e - a scroll of vulnerability {unknown}
Potions
 j - a potion of brilliance {unknown}
 l - a potion of mutation {unknown}
 m - a potion of resistance {unknown}


   Skills:
 + Level 0.4 Fighting
 + Level 0.7 Maces & Flails
 + Level 1.8 Dodging
 - Level 1.7 Stealth
 * Level 3.1 Spellcasting
 * Level 2.0 Conjurations
 * Level 5.1 Fire Magic


You couldn't memorise any spells.
You knew the following spells:

 Your Spells              Type           Power      Damage    Failure   Level
a - Foxfire               Conj/Fire      60%        2x1d7     3%          1
b - Scorch                Fire           42%        2d7       3%          2
c - Conjure Flame         Conj/Fire      15%        6-21      11%         3
d - Flame Wave            Conj/Fire      15%        2d5       36%         4

Your spell library contained the following spells:

 Spells                   Type           Power      Damage    Failure   Level
 Inner Flame              Hex/Fire       12%        N/A       17%         3
 Gell's Gravitas          Tloc           2%         N/A       43%         3
 Lesser Beckoning         Tloc           2%         N/A       43%         3
 Teleport Other           Tloc           2%         N/A       43%         3


Dungeon Overview and Level Annotations

Branches:
Dungeon (4/15)
 Temple: D:4-7

Altars:
Vehumet

Annotations:
D:4 Menkaure, Sigmund


Innate Abilities, Weirdness & Mutations

Your plain brown scales are hard. (AC +5)
You cannot fit into any form of body armour.
You are cold-blooded and may be slowed by cold attacks.


Message History

The magic dart hits you.
There is an open door here.
A puff of flame appears from out of thin air!
The puff of flame hits you!
You see here a +0 dagger.
Things that are here:
a +0 dagger; a kobold corpse You are confused.
There is an open door here.
You're too confused to move!
You feel less confused. Something hits you!
You hear some strange, mumbled words.
You are confused.
Something hits you!
* * * LOW HITPOINT WARNING * * *
You're too confused to move!
Something hits you but does no damage.
You're too confused to cast spells.
Okay, then.
Okay, then.
It was a potion of heal wounds.
You feel much better. Something hits you!
You feel less confused.
You hear some strange, mumbled words.
Something tries to affect you, but you resist.
You hit something but do no damage.
You hear some strange, mumbled words.
You are confused.
You closely miss something.
You hear some strange, mumbled words.
A magic dart appears from out of thin air!
The magic dart hits you. Something hits you.
You miss something. You miss something. Something hits you!
* * * LOW HITPOINT WARNING * * *
You barely miss something.
You feel less confused. Something hits you!
You die...

##############'##+#####
#.....................
#.....................
#............)........
#...................>.
#.....................
#......)..............
######'###############
#....@..'.......
#....{..#.......
#.......#.......
#.......#.......
#.......##......
#'####### ...###
#.......# ####
#.......# #....†<.#


There were no monsters in sight!

Vanquished Creatures
  A hound (D:4)
  A statue (D:3)
  A gnoll (D:4)
  7 adders
  An adder skeleton (D:4)
  A worm (D:3)
  2 dart slugs
  4 orcs (D:3)
  6 ball pythons
  4 bats
  5 endoplasms
  A giant cockroach (D:1)
  4 goblins
  8 hobgoblins
  5 quokkas
  6 frilled lizards
  7 kobolds
  4 rats
68 creatures vanquished.

Vanquished Creatures (others)
  205 foxfires
205 creatures vanquished.

Grand Total: 273 creatures vanquished

Notes
Turn   | Place    | Note
-------+----------+-------------------------------------------
     0 | D:1      | funkygono the Draconian Fire Elementalist began the quest
                  | for the Orb.
     0 | D:1      | Reached XP level 1. HP: 14/14 MP: 3/3
   342 | D:1      | Reached XP level 2. HP: 20/20 MP: 1/5
   702 | D:1      | Learned a level 2 spell: Scorch
  1101 | D:2      | Reached XP level 3. HP: 25/26 MP: 2/6
  1170 | D:2      | Learned a level 3 spell: Conjure Flame
  1432 | D:2      | Reached skill level 4 in Fire Magic
  1879 | D:2      | Reached XP level 4. HP: 33/34 MP: 1/7
  2399 | D:3      | Found a faded altar of an unknown god.
  2762 | D:3      | Found a radiant altar of Vehumet.
  2762 | D:3      | Noticed a charred statue
  2768 | D:3      | Became a worshipper of Vehumet
  2783 | D:3      | Killed a charred statue
  3023 | D:3      | Reached XP level 5. HP: 39/39 MP: 7/9
  3554 | D:3      | Learned a level 4 spell: Flame Wave
  3601 | D:4      | Noticed Menkaure
  3757 | D:4      | Reached skill level 5 in Fire Magic
  3863 | D:4      | Noticed Sigmund
  3926 | D:4      | Slain by Sigmund

Illustrated notes

Levels and vault maps discovered:
D:1:      dpeg_arrival_arbitrary_a, layout_rooms
D:2:      layout_loops_corners
D:3:      layout_basic, vehumet_statue, hellmonk_ecumenical_altar_crossroads
D:4:      layout_gridville, uniq_sigmund, uniq_menkaure

Skill      XL: |  1  2  3  4  5 |
---------------+----------------+-----
Fire Magic     | 4 5 |  5.1
Spellcasting   | 3 |  3.1
Conjurations   | 2 |  2.0
Fighting       | |  0.4
Maces & Flails | |  0.7
Dodging        | |  1.8
Stealth        | |  1.7

Action                   |  1- 3 |  4- 6 || total
-------------------------+-------+-------++-------
Melee: Club              |     2 |       ||     2
       Dagger            |     1 |       ||     1
       Unarmed           |     1 |       ||     1
       Tailslap          |     1 |       ||     1
       Whip              |       |    24 ||    24
 Cast: Foxfire           |    55 |    65 ||   120
       Scorch            |     6 |     9 ||    15
  Use: Scroll            |       |     6 ||     6
       Potion            |       |     2 ||     2
Armor: Skin              |     4 |     6 ||    10
Dodge: Dodged            |     8 |    19 ||    27

Table legend: (Time is in decaauts)
 A = Elapsed time spent in this place.
 B = Non-inter-level travel time spent in this place.
 C = Inter-level travel time spent in this place.
 D = Time resting spent in this place.
 E = Time spent auto-exploring this place.
 F = Levels seen in this place.
 G = Mean time per level.
                   A        B        C        D        E       F      G
               +--------+--------+--------+--------+--------+-----+--------+
         Total |   3929 |   3812 |    117 |    201 |   3024 |   4 |  982.2 |
       Dungeon |   3929 |   3812 |    117 |    201 |   3024 |   4 |  982.2 |
               +--------+--------+--------+--------+--------+-----+--------+

Top non-repeatable levels by time:
     D:2: 1351 daAuts
     D:3: 1244 daAuts
     D:1: 1047 daAuts
     D:4: 285 daAuts
